Map: Habitation Station LE (Void)

Players

Reynor

  • Race: Zerg Zerg
  • League: Grandmaster
  • Spawn Location: 1:00

LiquidMaNa (MaNa) - Winner!

  • Race: Protoss Protoss
  • League: Grandmaster
  • Spawn Location: 11:00

Event: NationWars IV

VOD

Have the link to the VOD?

Description

Time

  • Played on: Jan. 5, 2017, 12:41 p.m.
  • Length: 10:38

All games in this series

Show
View Real Time Build Order
Export as new Build Order

Reynor Zerg 

Build Orders: Pool First 

Get SALT Encoding   

  12  0:00  Drone  
  13  0:12  Overlord  
  13  0:16  Drone  
  14  0:23  Extractor, Drone  
  15  0:30  Drone  
  15  0:34  Drone  
  17  0:45  Extractor, Drone  
  17  0:50  Spawning Pool  
  17  0:56  Drone  
  17  1:06  Drone  
  18  1:20  Hatchery  
  18  1:24  Drone  
  18  1:29  Drone  
  19  1:38  Zergling x2  
  20  1:42  Queen  
  22  1:49  Metabolic Boost  
  22  2:02  Roach Warren  
  22  2:03  Drone  
  22  2:10  Overlord  
  22  2:35  Overlord  
  22  2:45  Roach x4  
  22  2:47  Roach  
  22  2:50  Roach  
  34  2:52  Roach  
  34  2:55  Zergling x2  
  34  2:58  Zergling x2  
  38  3:02  Zergling x2  
  39  3:06  Zergling x2  
  40  3:13  Zergling x2  
  40  3:16  Zergling x2  
  42  3:23  Zergling x2  
  42  3:24  Overlord  
  42  3:25  Zergling x2  
  44  3:32  Overlord  
  44  3:43  Zergling x6  
  44  3:45  Ravager x2  
  50  3:48  Zergling x2  
  50  3:53  Zergling x2  
  51  3:57  Zergling x2  
  51  3:58  Zergling x2  
  51  4:02  Zergling x2  
  49  4:10  Zergling x4  
  49  4:11  Zergling x2  
  49  4:14  Zergling x2  
  46  4:21  Zergling x2  
  43  4:27  Zergling x2  
  43  4:31  Zergling x2  
  43  4:35  Zergling x2  
  39  4:41  Queen  
  39  4:43  Zergling x2  
  38  4:47  Zergling x2  
  38  4:54  Zergling x2  
  38  4:59  Zergling x6  
  40  5:02  Zergling x2  
  35  5:07  Drone  
  35  5:09  Drone  
  37  5:18  Drone  
  37  5:20  Drone  
  39  5:24  Drone  
  39  5:25  Drone  
  39  5:26  Drone  
  42  5:31  Drone x2  
  43  5:40  Drone  
  43  5:42  Drone  
  45  5:52  Pneumatized Carapace  
  45  5:54  Drone  
  46  5:58  Overlord, Hatchery  
  46  6:03  Drone x2  
  47  6:05  Drone  
  47  6:07  Drone  
  47  6:08  Drone  
  50  6:12  Overlord  
  50  6:15  Drone  
  51  6:19  Drone x2  
  51  6:24  Roach  
  51  6:25  Roach  
  57  6:26  Roach  
  57  6:30  Roach  
  57  6:32  Drone  
  62  6:34  Overlord  
  62  6:39  Drone  
  63  6:40  Drone, Evolution Chamber  
  63  6:43  Spore Crawler  
  62  6:48  Drone  
  62  6:51  Roach  
  62  6:53  Roach  
  67  6:54  Overlord  
  67  7:03  Spore Crawler  
  67  7:04  Spore Crawler  
  67  7:08  Zergling x8  
  67  7:10  Zergling x2, Hatchery  
  67  7:15  Zergling x6  
  72  7:22  Zergling x4  
  74  7:34  Lair  
  74  7:38  Zergling x6  
  74  7:39  Overlord  
  74  7:40  Drone  
  76  7:44  Zergling x2  
  76  7:48  Queen  
  76  7:49  Drone  
  79  7:52  Drone  
  80  7:59  Roach  
  80  8:03  Drone  
  80  8:04  Extractor  
  82  8:09  Zergling x2  
  83  8:13  Drone  
  83  8:19  Spore Crawler  
  83  8:21  Drone  
  83  8:23  Extractor  
  83  8:24  Queen  
  83  8:25  Roach  
  87  8:27  Zergling x2, Drone  
  87  8:28  Drone  
  87  8:32  Zergling x2  
  87  8:34  Overseer  
  91  8:35  Drone  
  91  8:37  Queen  
  91  8:39  Drone  
  96  8:41  Zergling x2  
  96  8:42  Drone  
  96  8:43  Overlord  
  96  8:46  Drone  
  98  8:54  Extractor  
  98  8:55  Overlord  
  97  8:56  Overlord  
  97  9:02  Zergling x8  
  101  9:05  Drone  
  101  9:07  Drone  
  103  9:12  Drone  
  103  9:13  Baneling Nest  
  103  9:16  Overlord  
  103  9:18  Roach  
  103  9:19  Queen x2  
  103  9:22  Roach x2  
  103  9:24  Overlord  
  112  9:26  Zergling x4  
  112  9:28  Overlord  
  113  9:37  Roach x4  
  116  9:39  Zergling x2  
  116  9:41  Zergling x2  
  116  9:44  Roach  
  116  9:45  Zergling x4  
  108  9:48  Zergling x2  
  108  9:51  Roach  
  98  9:53  Zergling x6  
  87  10:00  Roach x3  
  87  10:02  Zergling x4, Roach  
  87  10:03  Zergling x2  
  82  10:10  Roach  
  82  10:11  Zergling x6  
  77  10:17  Roach x2, Ravager  
  77  10:18  Zergling x2  
Show
View Real Time Build Order
Export as new Build Order

LiquidMaNa Protoss - Winner!

Build Orders: 1 Gate Expand 

Get SALT Encoding   

  12  0:00  Probe (Chrono Boost)  
  13  0:11  Probe (Chrono Boost)  
  14  0:19  Pylon  
  14  0:22  Probe (Chrono Boost)  
  15  0:37  Probe (Chrono Boost)  
  15  0:39  Gateway  
  16  0:47  Probe (Chrono Boost), Assimilator  
  17  0:58  Probe (Chrono Boost)  
  18  1:08  Probe (Chrono Boost)  
  19  1:22  Nexus  
  19  1:32  Cybernetics Core  
  19  1:35  Probe (Chrono Boost)  
  20  1:40  Assimilator  
  20  1:46  Probe (Chrono Boost)  
  21  1:56  Pylon  
  21  1:57  Probe (Chrono Boost)  
  22  2:06  Warp Gate  
  22  2:07  Probe (Chrono Boost)  
  23  2:14  Adept  
  25  2:18  Probe (Chrono Boost)  
  26  2:25  Twilight Council  
  26  2:29  Probe (Chrono Boost)  
  27  2:35  Probe (Chrono Boost)  
  28  2:39  Mothership Core (Chrono Boost)  
  28  2:44  Adept  
  32  2:47  Probe (Chrono Boost)  
  33  2:54  Resonating Glaives  
  33  2:57  Probe (Chrono Boost)  
  35  2:59  Probe (Chrono Boost)  
  35  3:08  Probe (Chrono Boost)  
  35  3:11  Probe (Chrono Boost)  
  35  3:12  Adept  
  36  3:17  Gateway  
  38  3:28  Gateway  
  38  3:35  Pylon  
  38  3:41  Stalker, Robotics Facility  
  40  3:49  Pylon  
  40  4:02  Cybernetics Core  
  40  4:11  Zealot  
  41  4:19  Zealot  
  41  4:23  Immortal  
  41  4:24  Zealot  
  39  4:33  Zealot  
  37  4:44  Adept x2  
  32  5:03  Probe (Chrono Boost)  
  32  5:04  Probe (Chrono Boost)  
  35  5:14  Probe (Chrono Boost)  
  35  5:17  Probe (Chrono Boost)  
  36  5:28  Dark Shrine  
  36  5:31  Probe (Chrono Boost)  
  36  5:33  Probe (Chrono Boost)  
  38  5:38  Sentry  
  38  5:41  Probe (Chrono Boost)  
  41  5:44  Probe (Chrono Boost)  
  42  5:52  Probe (Chrono Boost)  
  42  5:54  Probe (Chrono Boost)  
  42  5:56  Gateway  
  44  6:02  Warp Prism  
  44  6:03  Probe (Chrono Boost)  
  45  6:09  Probe (Chrono Boost)  
  48  6:15  Probe (Chrono Boost)  
  49  6:19  Probe (Chrono Boost), Pylon  
  49  6:22  Assimilator  
  50  6:27  Probe (Chrono Boost)  
  50  6:30  Probe (Chrono Boost)  
  52  6:35  Pylon  
  52  6:39  Probe (Chrono Boost)  
  53  6:40  Probe (Chrono Boost)  
  54  6:53  Dark Templar x4  
  62  7:00  Probe (Chrono Boost)  
  63  7:04  Probe (Chrono Boost)  
  63  7:06  Pylon  
  64  7:12  Probe (Chrono Boost)  
  64  7:15  Probe (Chrono Boost)  
  66  7:25  Probe (Chrono Boost)  
  66  7:26  Immortal  
  68  7:30  Probe (Chrono Boost)  
  68  7:32  Assimilator  
  73  7:37  Probe (Chrono Boost)  
  74  7:51  Probe (Chrono Boost)  
  74  7:52  Nexus  
  74  7:53  Pylon  
  74  7:55  Pylon  
  74  7:59  Dark Templar x2  
  78  8:11  Immortal  
  78  8:12  Probe (Chrono Boost)  
  80  8:13  Probe (Chrono Boost)  
  80  8:14  Sentry x2  
  88  8:21  Pylon  
  89  8:27  Pylon  
  89  8:28  Probe (Chrono Boost), Pylon  
  89  8:32  Probe (Chrono Boost)  
  90  8:41  Probe (Chrono Boost)  
  91  8:45  Archon  
  91  8:47  Dark Templar x2  
  91  8:48  Dark Templar x2  
  99  8:50  Probe (Chrono Boost)  
  99  8:53  Probe (Chrono Boost)  
  99  8:54  Archon  
  99  8:55  Archon  
  101  9:00  Archon  
  101  9:01  Archon  
  101  9:08  Probe (Chrono Boost)  
  101  9:09  Probe (Chrono Boost)  
  99  9:18  Gateway  
  99  9:23  Adept x4  
  103  9:27  Probe (Chrono Boost)  
  103  9:28  Probe (Chrono Boost)  
  105  9:32  Probe (Chrono Boost)  
  105  9:33  Assimilator  
  105  9:35  Assimilator  
  105  9:37  Probe (Chrono Boost)  
  103  9:46  Adept x4  
  107  10:05  Probe (Chrono Boost)  
  104  10:12  Adept  
  104  10:13  Adept x3  
  104  10:22  Probe (Chrono Boost)  
Tags
 
Add a new tag
Caveats
  • Supply blocks, unpowered buildings, or Contaminate may cause inaccurate times.
  • Supply counts are checked every 10 seconds.